 Dungeon Crawl Stone Soup version 0.21-a0-414-gba8bdf1 (webtiles) character file.

118 Oirien the Chopper (level 4, -1/40 HPs)
             Began as a Minotaur Fighter on Nov 3, 2017.
             Killed by the air
             ... invoked by a blizzard demon
              (16 damage)
             ... on level 1 of the Abyss.
             The game lasted 00:05:45 (1718 turns).

Oirien the Chopper (Minotaur Fighter)               Turns: 1718, Time: 00:05:46

Health: -1/40      AC: 10    Str: 21    XL:     4   Next: 72%
Magic:  3/3        EV:  7    Int:  5    God:
Gold:   117        SH:  9    Dex: 10    Spells: 3/3 levels left

rFire    . . .     SeeInvis .   a - +0 war axe
rCold    . . .     Gourm    .   c - +0 shield
rNeg     . . .     Faith    .   b - +0 scale mail
rPois    .         Spirit   .   (helmet restricted)
rElec    .         Reflect  .   (no cloak)
rCorr    .         Harm     .   h - +2 pair of gloves
MR       .....                  (no boots)
Stlth    ..........             (no amulet)
HPRegen  0.13/turn              (no ring)
MPRegen  0.08/turn              (no ring)

@: drained
A: retaliatory headbutt, horns 2
a: no special abilities


You were on level 1 of the Abyss.
You were hungry.

You visited 1 branch of the dungeon, and saw 3 of its levels.
You visited the Abyss 1 time.

You collected 117 gold pieces.

Inventory:

Hand Weapons
 a - a +0 war axe (weapon)
Armour
 b - a +0 scale mail (worn)
 c - a +0 shield (worn)
 h - a +2 pair of gloves (worn)
Wands
 n - a wand of flame (20/48)
Scrolls
 g - 2 scrolls of identify {unknown}
 i - a scroll of immolation {unknown}
 l - a scroll of enchant weapon {unknown}
 m - a scroll of teleportation {unknown}
 p - a scroll of remove curse {unknown}
Potions
 d - a potion of might
 e - 2 potions of agility
 j - 2 potions of curing {unknown}
 o - 2 potions of mutation {unknown}
 q - a potion of brilliance {unknown}
Comestibles
 f - a bread ration
 k - a royal jelly


   Skills:
 - Level 4.2(3.7) Fighting
 + Level 4.4(3.9) Axes
 - Level 4.2(3.7) Armour
 - Level 0.9(0.4) Dodging
 - Level 4.2(3.7) Shields


You had 3 spell levels left.
You didn't know any spells.

Dungeon Overview and Level Annotations

Branches:
Dungeon (3/15)

Altars:
Yredelemnul

Annotations:
D:2 Crazy Yiuf


Innate Abilities, Weirdness & Mutations

You reflexively headbutt those who attack you in melee.
You have a pair of horns on your head.


Message History

* * * LOW HITPOINT WARNING * * *
You are cast into the Abyss!
To return, you must find a gate leading back.
Killing monsters will force the Abyss to allow you passage.
This branch contains the abyssal rune of Zot.
Unknown command.
You start resting.
A blizzard demon comes into view.
A blizzard demon is nearby!
A blizzard demon is nearby!
A blizzard demon is nearby!
Found a corrupted altar of Lugonu.
A rakshasa comes into view. It is wielding a long sword of slicing.
An ufetubus comes into view.
The ufetubus shouts!
The rakshasa gestures at you. The orb of energy misses you.
The blizzard demon waves its arms in wide circles.
The air twists around and strikes you!
You die...

## # #. . . . .# # #.##.
.. #. ##.#5.....
_..##8#######.#. #..# #
............#..##..#..#.
#...........#_#.....#...
#.....@.R.2....# .#.#2.
...##8###.#5#..#..#2 .#
#. ..##.##.# ..# # .8
..## ..# ...# .## .. #.
#. ##.......# .. ..
#.#.... #. .# . # #.
.....### ..#####.# #.


You could see a blizzard demon, a rakshasa and an ufetubus.

Vanquished Creatures
  Terence (D:2)
  Robin (D:2)
  An adder (D:3)
  2 worms
  3 leopard geckos (D:1)
  3 orcs (D:3)
  12 goblins
  10 hobgoblins
  4 kobolds (D:1)
  7 bats
  4 frilled lizards (D:1)
  11 rats
59 creatures vanquished.

Vanquished Creatures (others)
  A plant (D:2)
1 creature vanquished.

Grand Total: 60 creatures vanquished

Notes
Turn   | Place    | Note
-------+----------+-------------------------------------------
     0 | D:1      | Oirien the Minotaur Fighter began the quest for the Orb.
     0 | D:1      | Reached XP level 1. HP: 19/19 MP: 0/0
    42 | D:1      | Reached XP level 2. HP: 27/27 MP: 1/1
   358 | D:1      | Reached XP level 3. HP: 33/33 MP: 2/2
   598 | D:2      | Found a basalt altar of Yredelemnul.
   783 | D:2      | Noticed Terence
   790 | D:2      | Killed Terence
   896 | D:2      | Found a runed door.
  1005 | D:2      | Noticed Robin
  1029 | D:2      | Reached XP level 4. HP: 37/40 MP: 3/3
  1054 | D:2      | Killed Robin
  1679 | D:2      | Noticed Crazy Yiuf
  1686 | D:2      | Cast into level 1 of the Abyss (Crazy Yiuf)
  1703 | Abyss:1  | Noticed a blizzard demon
  1705 | Abyss:1  | Found a corrupted altar of Lugonu.
  1711 | Abyss:1  | Noticed a rakshasa
  1718 | Abyss:1  | Found an ornate altar of the Wu Jian Council.
  1718 | Abyss:1  | Killed from afar by a blizzard demon

Vault maps used:
D:1:      noname_arrival_rooms_in_the_neighbourhood, minmay_rat_gold_closets
D:2:      overflow_temple_1_default, serial_bayou_lagoon_a,
          uniq_crazy_yiuf_cottage, uniq_robin, uniq_terence
D:3:      amethyst_overflow_temple_binary, serial_corexii_hall,
          corexii_hall_statues_x, corexii_hall_statues_s,
          corexii_hall_statues_x, corexii_hall_statues_i

Skill      XL: |  1  2  3  4 |
---------------+-------------+-----
Armour         | 4 |  4.2
Fighting       | 4 |  4.2
Shields        | 4 |  4.2
Axes           | 3 4 |  4.4
Dodging        | |  0.9

Action                   |  1- 3 |  4- 6 || total
-------------------------+-------+-------++-------
Melee: War axe           |    71 |    45 ||   116
       Headbutt          |     8 |     5 ||    13
  Eat: Chunk             |       |     2 ||     2
Armor: Scale mail        |    38 |    16 ||    54
Dodge: Dodged            |    23 |    20 ||    43
Block: Shield            |    27 |    24 ||    51

Table legend:
 A = Spawn XP
 B = Non-spawn XP
 C = Spawn XP percentage of total XP
 D = Spawn monster count
 E = Non-spawn monster count
 F = Spawn count percentage of total count
 G = Total turns spent on level
                    A         B        C        D         E        F      G
               +---------+---------+-------+---------+---------+-------+---------
         Total |       0 |     169 |   0.0 |       0 |      59 |   0.0 |  1718
               +---------+---------+-------+---------+---------+-------+---------
           D:1 |       0 |      47 |   0.0 |       0 |      31 |   0.0 |   575
           D:2 |       0 |      86 |   0.0 |       0 |      17 |   0.0 |  1086
           D:3 |       0 |      36 |   0.0 |       0 |      11 |   0.0 |    25
               +---------+---------+-------+---------+---------+-------+---------
